[Event "2nd Bieszczady Chess-ch B 2022"]
[Site "Bystre"]
[Date "2022.07.18"]
[Round "1.1"]
[White "Idzior, Izabela"]
[Black "Tymrakiewicz, Marianna"]
[Result "0-1"]
[ECO "C54"]
[WhiteElo "1260"]
[BlackElo "1819"]
[Annotator "NA RC COMBH"]
[PlyCount "104"]
[EventDate "2022.07.17"]
[EventCountry "POL"]
[SourceTitle "playchess.com"]
[Source "ChessBase"]
[SourceQuality "1"]
[TimeControl "5400+30"]

1. e4 e5 2. Nf3 Nc6 3. Bc4 Bc5 4. c3 Nf6 5. d3 h6 6. Be3 Bb6 7. Bb3 d6 8. Qe2 O-O 9. Nbd2 Na5 10. Bc2 Ng4 11. h3 Nxe3 12. fxe3 Nc6 13. d4 Re8 14. O-O-O a5 15. g4 a4 16. Qg2 g6 17. Nf1 Qe7 18. Qe2 Kg7 19. N3d2 Bd7 20. Nc4 Na5 21. Nxb6 cxb6 22. Ng3 Rac8 23. h4 a3 24. Bd3 axb2+ 25. Kxb2 b5 26. h5 Nc4+ 27. Bxc4 bxc4 28. hxg6 fxg6 29. Qh2 Rh8 30. d5 Bxg4 31. Rdf1 h5 32. Rhg1 Rcf8 33. Rxf8 Qxf8 34. Rf1 Qd8 35. Kc1 Qa8 36. Qh4 Qd8 37. Qh2 Rf8 38. Rg1 Qg5 39. Nf1 Qf6 40. Qb2 Qf2 41. Qxf2 Rxf2 42. Nd2 Be2 43. Kc2 Bd3+ 44. Kc1 Kf6 45. Re1 g5 46. Rh1 h4 47. Kd1 Kg6 48. Rh3 Kh5 49. Ke1 Re2+ 50. Kd1 g4 51. Rh1 Rxe3 52. Rh2 g3 0-1

[Event "2nd Bieszczady Chess-ch B 2022"]
[Site "Bystre"]
[Date "2022.07.18"]
[Round "1.2"]
[White "Warchol, Jacek"]
[Black "Kulig, Karol"]
[Result "1-0"]
[ECO "B73"]
[WhiteElo "1785"]
[BlackElo "1253"]
[Annotator "NA RC COMBH"]
[PlyCount "93"]
[EventDate "2022.07.17"]
[EventCountry "POL"]
[SourceTitle "playchess.com"]
[Source "ChessBase"]
[SourceQuality "1"]
[TimeControl "5400+30"]

1. e4 c5 2. Nf3 Nc6 3. d4 cxd4 4. Nxd4 g6 5. Nc3 Bg7 6. Be3 Nf6 7. Be2 d6 8. O-O O-O 9. f4 Nd7 10. Qd2 Nxd4 11. Bxd4 Bxd4+ 12. Qxd4 Qb6 13. Qxb6 Nxb6 14. Rad1 Be6 15. f5 Bc4 16. Bxc4 Nxc4 17. Nd5 e6 18. Ne7+ Kh8 19. Rf3 Rfe8 20. f6 Ne5 21. Rb3 b6 22. Rxd6 Ng4 23. Nc6 Nxf6 24. Ne5 Nxe4 25. Rd4 Nc5 26. Nxf7+ Kg7 27. Rf3 Rf8 28. Ne5 Rxf3 29. Nxf3 Re8 30. Ne5 Re7 31. Kf2 Kf6 32. Nd3 Nxd3+ 33. Rxd3 Rc7 34. Rd2 h5 35. Ke3 Ke5 36. c3 Rc5 37. Rd8 a5 38. Rb8 b5 39. Rg8 Kf5 40. Ra8 a4 41. a3 Re5+ 42. Kd2 Ke4 43. c4 Kd4 44. cxb5 Rxb5 45. Rxa4+ Kd5 46. Rb4 Rc5 47. a4 1-0

[Event "2nd Bieszczady Chess-ch B 2022"]
[Site "Bystre"]
[Date "2022.07.18"]
[Round "1.3"]
[White "Baranowski, Jan"]
[Black "Sola, Wojciech"]
[Result "1-0"]
[ECO "B27"]
[WhiteElo "1249"]
[BlackElo "1780"]
[Annotator "NA RC COMBH"]
[PlyCount "92"]
[EventDate "2022.07.17"]
[EventCountry "POL"]
[SourceTitle "playchess.com"]
[Source "ChessBase"]
[SourceQuality "1"]
[TimeControl "5400+30"]

1. e4 c5 2. Nf3 g6 3. d4 cxd4 4. Nxd4 Bg7 5. Nc3 Nc6 6. Be3 Nf6 7. Qd2 Ng4 8. O-O-O Nxe3 9. fxe3 O-O 10. g4 d6 11. Be2 Ne5 12. Rdg1 a6 13. h4 b5 14. h5 g5 15. Nf5 h6 16. Nd5 Bxf5 17. exf5 e6 18. f6 Bxf6 19. Nxf6+ Qxf6 20. Qxd6 Rfd8 21. Qb4 Qf2 22. Qe4 Qxe2 23. Qxe5 Rac8 24. Kb1 Qxc2+ 25. Ka1 Rd2 26. Qf6 Rh2 27. Rf1 Rc7 28. a3 Rxh1 29. Rxh1 Qd2 30. Qxh6 Rc1+ 31. Rxc1 Qxc1+ 32. Ka2 Qc4+ 33. Ka1 Qxg4 34. e4 Qf4 35. Ka2 a5 36. Ka1 Qe5 37. Ka2 Qg7 38. Qxg7+ Kxg7 39. a4 bxa4 40. Ka3 g4 41. Kxa4 g3 42. Kxa5 g2 43. b4 g1=Q 44. b5 Qe1+ 45. Ka6 Qxe4 46. Ka7 f5 1-0

[Event "2nd Bieszczady Chess-ch B 2022"]
[Site "Bystre"]
[Date "2022.07.18"]
[Round "1.4"]
[White "Biesiadecki, Adam"]
[Black "Gavker, Markiyan"]
[Result "1-0"]
[ECO "B20"]
[WhiteElo "1776"]
[BlackElo "1249"]
[Annotator "NA RC COMBH"]
[PlyCount "133"]
[EventDate "2022.07.17"]
[EventCountry "POL"]
[SourceTitle "playchess.com"]
[Source "ChessBase"]
[SourceQuality "1"]
[TimeControl "5400+30"]

1. e4 c5 2. b4 d6 3. bxc5 dxc5 4. Nc3 Nc6 5. Nf3 Nf6 6. Rb1 e6 7. Bc4 Be7 8. O-O O-O 9. Re1 a6 10. a4 Qc7 11. d3 Rd8 12. Ne2 h6 13. Ng3 e5 14. c3 Rb8 15. Qc2 Na7 16. Nf5 Bxf5 17. exf5 Bd6 18. Nd2 b5 19. axb5 axb5 20. Ba2 b4 21. Ne4 Nxe4 22. dxe4 bxc3 23. Rxb8 Rxb8 24. Qxc3 Nb5 25. Qg3 Kh7 26. f6 Bf8 27. fxg7 Bxg7 28. f4 Nd4 29. f5 Qa7 30. Bc4 Rb4 31. f6 Bxf6 32. Qd3 Rb8 33. Rf1 Bg7 34. Rxf7 Qb6 35. Qg3 Qg6 36. Qxg6+ Kxg6 37. Rf1 Rb4 38. Bf7+ Kh7 39. Ba3 Rb5 40. Kf2 Rb6 41. Kg3 Ne2+ 42. Kg4 Nf4 43. g3 Rf6 44. Bc4 h5+ 45. Kh4 Ra6 46. gxf4 Rxa3 47. fxe5 Bxe5 48. Kg5 Ra7 49. h4 Kg7 50. Kxh5 Bf6 51. Kg4 Re7 52. Bd5 Re5 53. Rc1 Be7 54. Rf1 Bf6 55. Rb1 Be7 56. Rb7 Kf6 57. Ra7 Bd6 58. Rd7 Be7 59. Rc7 Kg6 60. Rc6+ Kg7 61. Rc8 Bf8 62. Rc7+ Be7 63. Kf4 Rxd5 64. exd5 Kf6 65. Rc6+ Kf7 66. h5 Ke8 67. h6 1-0

[Event "2nd Bieszczady Chess-ch B 2022"]
[Site "Bystre"]
[Date "2022.07.18"]
[Round "1.5"]
[White "Sypek, Mateusz"]
[Black "Sypek, Szymon"]
[Result "0-1"]
[ECO "B54"]
[WhiteElo "1234"]
[BlackElo "1726"]
[Annotator "NA RC COMBH"]
[PlyCount "70"]
[EventDate "2022.07.17"]
[EventCountry "POL"]
[SourceTitle "playchess.com"]
[Source "ChessBase"]
[SourceQuality "1"]
[TimeControl "5400+30"]

1. e4 c5 2. Nf3 d6 3. d4 cxd4 4. Nxd4 Nf6 5. Bd3 g6 6. c4 Bg7 7. Bc2 O-O 8. O-O Nc6 9. Nf3 Nb4 10. Be3 Bg4 11. Nbd2 Qc7 12. a3 Nxc2 13. Qxc2 Rac8 14. Rac1 d5 15. c5 dxe4 16. Nd4 Bf5 17. h3 Rfd8 18. Nb5 Qd7 19. Nd4 Bxh3 20. Rfd1 Qg4 21. Kf1 Qxg2+ 22. Ke1 Ng4 23. Qxe4 Nxe3 24. fxe3 Qg3+ 25. Ke2 Bxd4 26. exd4 Bg4+ 27. Nf3 Bxf3+ 28. Qxf3 Qxf3+ 29. Kxf3 Rd5 30. b4 Rcd8 31. Ke3 e5 32. b5 exd4+ 33. Kd3 Rc8 34. c6 bxc6 35. bxc6 Rd6 0-1

[Event "2nd Bieszczady Chess-ch B 2022"]
[Site "Bystre"]
[Date "2022.07.18"]
[Round "1.6"]
[White "Kulig, Pawel"]
[Black "Kryston, Aleksander"]
[Result "1-0"]
[ECO "E76"]
[WhiteElo "1720"]
[BlackElo "1216"]
[Annotator "NA COMBH"]
[PlyCount "71"]
[EventDate "2022.07.17"]
[EventCountry "POL"]
[SourceTitle "playchess.com"]
[Source "ChessBase"]
[SourceQuality "1"]
[TimeControl "5400+30"]

1. d4 g6 2. c4 Bg7 3. e4 d6 4. Nc3 Nf6 5. f4 O-O 6. Nf3 Bg4 7. Bd3 Nc6 8. Be3 e5 9. fxe5 dxe5 10. d5 Ne7 11. O-O c6 12. h3 Bxf3 13. Qxf3 b6 14. Bc2 c5 15. a3 Nd7 16. Bg5 f6 17. Bh4 Nc8 18. d6 Nb8 19. Nb5 Na6 20. Qd3 Rf7 21. Rad1 g5 22. Bxg5 Rb8 23. Bh4 Rd7 24. Qd5+ Kh8 25. Qe6 Rbb7 26. Bxf6 Bxf6 27. Rxf6 Kg7 28. Rf5 Rf7 29. Qxe5+ Kg8 30. Rdf1 Nb8 31. Rxf7 Rxf7 32. Rxf7 Kxf7 33. Qf5+ Qf6 34. Qxc8 Qxb2 35. Qf5+ Kg8 36. e5 1-0

[Event "2nd Bieszczady Chess-ch B 2022"]
[Site "Bystre"]
[Date "2022.07.18"]
[Round "1.7"]
[White "Stachowicz, Hubert"]
[Black "Tokarz, Izabela"]
[Result "0-1"]
[ECO "E91"]
[WhiteElo "1213"]
[BlackElo "1694"]
[Annotator "NA COMBH"]
[PlyCount "94"]
[EventDate "2022.07.17"]
[EventCountry "POL"]
[SourceTitle "playchess.com"]
[Source "ChessBase"]
[SourceQuality "1"]
[TimeControl "5400+30"]

1. d4 Nf6 2. c4 g6 3. Nc3 Bg7 4. Nf3 O-O 5. e4 d6 6. Be2 Nc6 7. h3 e5 8. d5 Ne7 9. Be3 b6 10. O-O a5 11. a3 Ne8 12. Nd2 f5 13. f3 Nf6 14. Qc2 Nh5 15. b4 Ng3 16. Rfb1 Kh8 17. c5 bxc5 18. bxc5 Ng8 19. cxd6 cxd6 20. Bb5 Bh6 21. Bf2 Qg5 22. Bc6 Qxd2 23. Qxd2 Bxd2 24. Bxg3 Bxc3 25. Bxa8 Bxa1 26. Rxa1 fxe4 27. fxe4 Bxh3 28. gxh3 Rxa8 29. Bh4 h6 30. Rf1 Kg7 31. Rc1 g5 32. Rc7+ Kg6 33. Bf2 Nf6 34. Rc6 Nxe4 35. Bb6 a4 36. Kg2 Rf8 37. Rc4 Nf6 38. Rc6 Nxd5 39. Rxd6+ Nf6 40. Bc7 Kf5 41. Ra6 Rc8 42. Ba5 Rc2+ 43. Kg3 h5 44. Bd8 h4+ 45. Kf3 Nd5 46. Rxa4 e4+ 47. Rxe4 Rc3+ 0-1

[Event "2nd Bieszczady Chess-ch B 2022"]
[Site "Bystre"]
[Date "2022.07.18"]
[Round "1.8"]
[White "Kusiak, Mateusz"]
[Black "Chrulski, Mateusz"]
[Result "1-0"]
[ECO "B18"]
[WhiteElo "1693"]
[BlackElo "1197"]
[Annotator "NA COMBH"]
[PlyCount "73"]
[EventDate "2022.07.17"]
[EventCountry "POL"]
[SourceTitle "playchess.com"]
[Source "ChessBase"]
[SourceQuality "1"]
[TimeControl "5400+30"]

1. e4 c6 2. d4 d5 3. Nd2 dxe4 4. Nxe4 Bf5 5. Qf3 Bxe4 6. Qxe4 Nf6 7. Qd3 e6 8. Nf3 Qc7 9. g3 Nbd7 10. Bg2 O-O-O 11. O-O c5 12. c3 cxd4 13. Nxd4 Bc5 14. Nb5 Qb6 15. b4 a6 16. Na3 Be7 17. Nc4 Qc7 18. Na5 Ne5 19. Qe2 Nd5 20. Bf4 Bd6 21. c4 Nxf4 22. gxf4 Nc6 23. Nxc6 bxc6 24. c5 Bxf4 25. Qxa6+ Kd7 26. h3 Rb8 27. Rad1+ Ke7 28. Bxc6 Rhd8 29. Rxd8 Qxd8 30. a3 Kf8 31. Qe2 Qf6 32. Rd1 Qc3 33. Qd3 Qb2 34. Qxh7 Qxa3 35. Rd7 Qa1+ 36. Kg2 g5 37. Rxf7# 1-0

[Event "2nd Bieszczady Chess-ch B 2022"]
[Site "Bystre"]
[Date "2022.07.18"]
[Round "1.9"]
[White "Krzyzek, Daniel"]
[Black "Giefert, Sara"]
[Result "0-1"]
[ECO "A15"]
[WhiteElo "1182"]
[BlackElo "1692"]
[Annotator "NA COMBH"]
[PlyCount "102"]
[EventDate "2022.07.17"]
[EventCountry "POL"]
[SourceTitle "playchess.com"]
[Source "ChessBase"]
[SourceQuality "1"]
[TimeControl "5400+30"]

1. c4 Nf6 2. d3 d6 3. Nc3 g6 4. g3 Bg7 5. Bg2 Nbd7 6. e3 e5 7. Nge2 O-O 8. O-O a5 9. a3 c6 10. b3 Qe7 11. Bb2 Ne8 12. f3 f5 13. e4 Nc5 14. b4 axb4 15. axb4 Rxa1 16. Bxa1 Ne6 17. Qa4 Nf6 18. Qb3 Kh8 19. Na4 Bd7 20. Rc1 Bh6 21. Rc2 Be3+ 22. Kh1 Nd4 23. Nxd4 exd4 24. Nb6 Be8 25. Ra2 Bf7 26. Qc2 Qc7 27. Na4 b5 28. Nb2 Qb7 29. Nd1 Be6 30. Nxe3 dxe3 31. Bxf6+ Rxf6 32. Qc3 Kg7 33. exf5 gxf5 34. Qd4 Kg6 35. Qc3 d5 36. cxd5 Bxd5 37. Re2 Re6 38. d4 Qe7 39. f4 Bc4 40. Re1 e2 41. g4 fxg4 42. Qg3 h5 43. h3 Re3 44. Qf2 gxh3 45. f5+ Kf7 46. Bf3 Rxf3 47. Qg1 Rf1 48. f6 Rxg1+ 49. Rxg1 Qe4+ 50. Kh2 e1=R 51. Rxe1 Qg2# 0-1

[Event "2nd Bieszczady Chess-ch B 2022"]
[Site "Bystre"]
[Date "2022.07.18"]
[Round "1.10"]
[White "Panczuk, Grzegorz"]
[Black "Hrabinska, Anna"]
[Result "1-0"]
[ECO "D96"]
[WhiteElo "1684"]
[BlackElo "1179"]
[Annotator "NA RC COMBH"]
[PlyCount "89"]
[EventDate "2022.07.17"]
[EventCountry "POL"]
[SourceTitle "playchess.com"]
[Source "ChessBase"]
[SourceQuality "1"]
[TimeControl "5400+30"]

1. d4 d5 2. c4 c6 3. Nc3 g6 4. Nf3 Nf6 5. Bg5 Bg7 6. h4 O-O 7. e3 Bf5 8. Nd2 Re8 9. h5 gxh5 10. Bxf6 Bxf6 11. cxd5 cxd5 12. Qxh5 Bg6 13. Qxd5 Nc6 14. a3 e5 15. Qxd8 Raxd8 16. d5 Nd4 17. Rc1 Nf5 18. Nde4 Bg7 19. Bb5 Re7 20. g4 Nh6 21. d6 Re6 22. Nc5 Rdxd6 23. Nxe6 Rxe6 24. f3 a6 25. Bc4 Rc6 26. Bd5 Rb6 27. b4 Kf8 28. Na4 Rd6 29. e4 b5 30. Rc8+ Ke7 31. Nc5 Kf6 32. Ke2 Kg5 33. Ke3 f5 34. gxf5 Bxf5 35. Rg1+ Kf6 36. Rc7 Bf8 37. Rc6 Rxc6 38. Bxc6 Bc8 39. Nd7+ Ke7 40. Nxf8 Kxf8 41. Rh1 Kg7 42. Rd1 Nf7 43. Bd7 Bb7 44. Be8 h5 45. Rd7 1-0

[Event "2nd Bieszczady Chess-ch B 2022"]
[Site "Bystre"]
[Date "2022.07.18"]
[Round "1.11"]
[White "Michalak, Leon"]
[Black "Strojek, Kazimierz"]
[Result "0-1"]
[ECO "C01"]
[WhiteElo "1154"]
[BlackElo "1668"]
[Annotator "NA COMBH"]
[PlyCount "68"]
[EventDate "2022.07.17"]
[EventCountry "POL"]
[SourceTitle "playchess.com"]
[Source "ChessBase"]
[SourceQuality "1"]
[TimeControl "5400+30"]

1. e4 e6 2. d4 d5 3. exd5 exd5 4. Bd3 Bd6 5. c3 Nf6 6. Bg5 O-O 7. Ne2 h6 8. Bh4 Nbd7 9. O-O c6 10. Nd2 Qc7 11. Bg3 Re8 12. Re1 Nf8 13. Nf3 Ne4 14. Bxd6 Qxd6 15. Ng3 f5 16. Ne5 g6 17. Nf1 Kg7 18. Nd2 Be6 19. Nb3 Nd7 20. Nxd7 Bxd7 21. f3 Ng5 22. Qd2 b6 23. Rxe8 Rxe8 24. Re1 Kf6 25. Rxe8 Bxe8 26. Nc1 Nf7 27. Bc2 Bd7 28. Nd3 g5 29. Qe2 f4 30. Nf2 Qe7 31. Qd1 Qe3 32. Kf1 Nd6 33. Qd3 Qc1+ 34. Nd1 Bf5 0-1

[Event "2nd Bieszczady Chess-ch B 2022"]
[Site "Bystre"]
[Date "2022.07.19"]
[Round "3.1"]
[White "Tymrakiewicz, Marianna"]
[Black "Strojek, Kazimierz"]
[Result "1-0"]
[ECO "C01"]
[WhiteElo "1819"]
[BlackElo "1668"]
[Annotator "NA RC COMBH"]
[PlyCount "67"]
[EventDate "2022.07.17"]
[EventCountry "POL"]
[SourceTitle "playchess.com"]
[Source "ChessBase"]
[SourceQuality "1"]
[TimeControl "5400+30"]

1. e4 e6 2. d4 d5 3. exd5 exd5 4. Bd3 Bd6 5. Nf3 Nf6 6. Bg5 h6 7. Bh4 Qe7+ 8. Be2 O-O 9. O-O Bf5 10. Re1 Qd8 11. Bd3 Bxd3 12. Qxd3 c6 13. Nbd2 Nbd7 14. Ne5 Qc7 15. f4 Rae8 16. c3 Nh5 17. Qf5 Bxe5 18. fxe5 g6 19. Qg4 Ng7 20. Rf1 Re6 21. Bg3 Qd8 22. Nf3 f5 23. exf6 Nxf6 24. Qxg6 Ne4 25. Qg4 Qe8 26. Ne5 Ref6 27. Bh4 Rxf1+ 28. Rxf1 Rxf1+ 29. Kxf1 Qe6 30. Qxe6+ Nxe6 31. Ke2 Kg7 32. Bf2 Nf4+ 33. Kf3 Nd3 34. Nxd3 1-0

[Event "2nd Bieszczady Chess-ch B 2022"]
[Site "Bystre"]
[Date "2022.07.19"]
[Round "3.2"]
[White "Warchol, Jacek"]
[Black "Polak, Sylwia"]
[Result "0-1"]
[ECO "C07"]
[WhiteElo "1785"]
[BlackElo "1574"]
[Annotator "NA RC COMBH"]
[PlyCount "121"]
[EventDate "2022.07.17"]
[EventCountry "POL"]
[SourceTitle "playchess.com"]
[Source "ChessBase"]
[SourceQuality "1"]
[TimeControl "5400+30"]

1. e4 e6 2. d4 d5 3. Nd2 c5 4. c3 cxd4 5. cxd4 dxe4 6. Nxe4 Nc6 7. Nf3 Nf6 8. Nxf6+ Qxf6 9. Bb5 Bb4+ 10. Bd2 Bxd2+ 11. Qxd2 Bd7 12. O-O O-O 13. Ne5 Qe7 14. Bxc6 Bxc6 15. Nxc6 bxc6 16. Qc3 Rfd8 17. Qxc6 Qb4 18. Qc3 Qxd4 19. Qxd4 Rxd4 20. Rfd1 Rad8 21. Rxd4 Rxd4 22. Kf1 Rd2 23. Rc1 g6 24. Rc8+ Kg7 25. Rb8 h5 26. a4 a5 27. Ke1 Rc2 28. Rb5 Kf6 29. b3 Rb2 30. g3 e5 31. Rxa5 Rxb3 32. Ra8 Rb2 33. a5 Ra2 34. a6 Kf5 35. f3 Kf6 36. a7 Kg7 37. Kd1 Kf6 38. Kc1 Kg7 39. Kb1 Ra6 40. Kc2 Kf6 41. Kd3 Ra1 42. h4 Rd1+ 43. Ke2 Ra1 44. g4 Ra2+ 45. Ke3 Ra1 46. Ke4 Re1+ 47. Kd5 Rd1+ 48. Kc6 Rc1+ 49. Kd7 Ra1 50. Ke8 hxg4 51. fxg4 e4 52. Kf8 e3 53. g5+ Kf5 54. Kxf7 e2 55. Re8 Rxa7+ 56. Kg8 Ra8 57. Rxa8 e1=Q 58. Rf8+ Kg4 59. Rf6 Kh5 60. Kg7 Qxh4 61. Kf7 0-1

[Event "2nd Bieszczady Chess-ch B 2022"]
[Site "Bystre"]
[Date "2022.07.19"]
[Round "3.3"]
[White "Labedz, Dawid"]
[Black "Sola, Wojciech"]
[Result "1/2-1/2"]
[ECO "B35"]
[WhiteElo "1562"]
[BlackElo "1780"]
[Annotator "NA RC COMBH"]
[PlyCount "57"]
[EventDate "2022.07.17"]
[EventCountry "POL"]
[SourceTitle "playchess.com"]
[Source "ChessBase"]
[SourceQuality "1"]
[TimeControl "5400+30"]

1. e4 c5 2. Nf3 g6 3. d4 cxd4 4. Nxd4 Bg7 5. Nc3 Nc6 6. Be3 Nf6 7. Bc4 O-O 8. f3 Qb6 9. Bb3 Nxe4 10. Nd5 Qa5+ 11. c3 Nf6 12. Nxc6 dxc6 13. Nxe7+ Kh8 14. Nxc8 Raxc8 15. O-O Rcd8 16. Qc2 Rfe8 17. Bf2 Kg8 18. Rad1 Qc7 19. a4 b6 20. Rfe1 Bh6 21. Rxd8 Rxd8 22. Rd1 c5 23. Bc4 Bf4 24. Rxd8+ Qxd8 25. Qd3 Qxd3 26. Bxd3 Kf8 27. b4 cxb4 28. cxb4 Bc7 29. a5 1/2-1/2

[Event "2nd Bieszczady Chess-ch B 2022"]
[Site "Bystre"]
[Date "2022.07.19"]
[Round "3.4"]
[White "Biesiadecki, Adam"]
[Black "Kasianczuk, Krzysztof"]
[Result "1-0"]
[ECO "D78"]
[WhiteElo "1776"]
[BlackElo "1557"]
[Annotator "NA RC COMBH"]
[PlyCount "65"]
[EventDate "2022.07.17"]
[EventCountry "POL"]
[SourceTitle "playchess.com"]
[Source "ChessBase"]
[SourceQuality "1"]
[TimeControl "5400+30"]

1. Nf3 Nf6 2. g3 g6 3. Bg2 Bg7 4. O-O O-O 5. d4 d5 6. c4 c6 7. Nbd2 Nbd7 8. b3 Ne4 9. Bb2 Ndf6 10. Ne5 Nxd2 11. Qxd2 e6 12. Qc2 Nd7 13. Rad1 Nxe5 14. dxe5 f5 15. exf6 Bxf6 16. e4 d4 17. e5 Bxe5 18. Qe4 Bg7 19. Bxd4 Bxd4 20. Rxd4 Qf6 21. f4 Qf5 22. Qe3 Re8 23. Rfd1 Kf7 24. Re4 Re7 25. Rd8 Rd7 26. Rh8 Rd1+ 27. Kf2 Qa5 28. Bf3 Rd2+ 29. Be2 Kg7 30. Re8 Kf7 31. R4xe6 Bxe6 32. Qxe6+ Kg7 33. Qg8+ 1-0

[Event "2nd Bieszczady Chess-ch B 2022"]
[Site "Bystre"]
[Date "2022.07.19"]
[Round "3.5"]
[White "Kulig, Pawel"]
[Black "Trela, Konrad"]
[Result "1/2-1/2"]
[ECO "D15"]
[WhiteElo "1720"]
[BlackElo "1523"]
[Annotator "NA RC COMBH"]
[PlyCount "22"]
[EventDate "2022.07.17"]
[EventCountry "POL"]
[SourceTitle "playchess.com"]
[Source "ChessBase"]
[SourceQuality "1"]
[TimeControl "5400+30"]

1. d4 d5 2. c4 c6 3. Nf3 Nf6 4. Nc3 a6 5. Bg5 g6 6. e3 Bg7 7. cxd5 cxd5 8. Bd3 Nc6 9. a3 O-O 10. O-O Ra7 11. Rc1 Bg4 1/2-1/2

[Event "2nd Bieszczady Chess-ch B 2022"]
[Site "Bystre"]
[Date "2022.07.19"]
[Round "3.6"]
[White "Nisztuk, Michal"]
[Black "Tokarz, Izabela"]
[Result "0-1"]
[ECO "B21"]
[WhiteElo "1548"]
[BlackElo "1694"]
[Annotator "NA RC COMBH"]
[PlyCount "96"]
[EventDate "2022.07.17"]
[EventCountry "POL"]
[SourceTitle "playchess.com"]
[Source "ChessBase"]
[SourceQuality "1"]
[TimeControl "5400+30"]

1. e4 c5 2. f4 Nc6 3. c3 d5 4. e5 d4 5. Nf3 d3 6. Qb3 b6 7. Qb5 Qc7 8. Qxd3 g6 9. Na3 a6 10. Nc4 Bf5 11. Qe2 O-O-O 12. Ne3 Bd3 13. Qf2 Bxf1 14. Qxf1 Kb7 15. a4 f6 16. exf6 Qxf4 17. d4 exf6 18. d5 Ne5 19. Nxe5 Qxe5 20. Qf3 Bd6 21. g3 f5 22. O-O Nf6 23. c4 Ne4 24. Ra3 a5 25. Rd3 Rhf8 26. Ng2 g5 27. Ne3 g4 28. Qg2 Ng5 29. Kh1 Nf3 30. Qf2 Qe4 31. Rdd1 Nd2+ 32. Kg1 Nxf1 33. Rxf1 f4 34. Qc2 Qxc2 35. Nxc2 fxg3 36. hxg3 Rxf1+ 37. Kxf1 Bxg3 38. Bh6 Rd6 39. Bg7 Rd7 40. Bc3 Rf7+ 41. Kg2 Bf4 42. Ne1 h5 43. Nd3 h4 44. Be1 h3+ 45. Kh1 g3 46. Nxf4 Rxf4 47. Bxg3 Rxc4 48. d6 Kc6 0-1

[Event "2nd Bieszczady Chess-ch B 2022"]
[Site "Bystre"]
[Date "2022.07.19"]
[Round "3.7"]
[White "Sternik, Piotr"]
[Black "Giefert, Sara"]
[Result "1/2-1/2"]
[ECO "A45"]
[WhiteElo "1434"]
[BlackElo "1692"]
[Annotator "NA RC COMBH"]
[PlyCount "101"]
[EventDate "2022.07.17"]
[EventCountry "POL"]
[SourceTitle "playchess.com"]
[Source "ChessBase"]
[SourceQuality "1"]
[TimeControl "5400+30"]

1. d4 Nf6 2. Bg5 Ne4 3. h4 d5 4. Nd2 Bf5 5. e3 Nxg5 6. hxg5 e6 7. Ngf3 Bd6 8. Bd3 c6 9. Bxf5 exf5 10. c4 dxc4 11. Qc2 g6 12. Qxc4 Nd7 13. Qc3 f6 14. Nh4 Rf8 15. Nhf3 Qe7 16. Qb3 O-O-O 17. gxf6 Nxf6 18. O-O-O Kb8 19. Ng5 Rde8 20. Nc4 Bc7 21. f4 h5 22. Nf3 Ng4 23. Rhe1 Qe6 24. Nfe5 Nf2 25. Rd2 Ne4 26. Rc2 Ka8 27. Qa3 Rd8 28. Kb1 Rfe8 29. Rec1 Rd5 30. Ka1 Nd6 31. b3 Ne4 32. b4 g5 33. Na5 Bxe5 34. fxe5 Rc8 35. Nc4 Kb8 36. Nd2 Nxd2 37. Rxd2 Rcd8 38. Rc5 h4 39. Qc1 g4 40. Qe1 Rh8 41. e4 Rxc5 42. bxc5 f4 43. Qf2 Qh6 44. d5 Re8 45. d6 f3 46. d7 Rd8 47. e6 Qxe6 48. Qxh4 Rxd7 49. Qh8+ Kc7 50. Qh2+ Kc8 51. Qh8+ 1/2-1/2

[Event "2nd Bieszczady Chess-ch B 2022"]
[Site "Bystre"]
[Date "2022.07.19"]
[Round "3.8"]
[White "Panczuk, Grzegorz"]
[Black "Labedz, Gabriela"]
[Result "1-0"]
[ECO "C41"]
[WhiteElo "1684"]
[BlackElo "1346"]
[Annotator "NA RC COMBH"]
[PlyCount "43"]
[EventDate "2022.07.17"]
[EventCountry "POL"]
[SourceTitle "playchess.com"]
[Source "ChessBase"]
[SourceQuality "1"]
[TimeControl "5400+30"]

1. d4 d6 2. e4 Nf6 3. Nc3 e5 4. Nf3 Nbd7 5. g4 Nxg4 6. Rg1 Ngf6 7. Bc4 h6 8. Be3 Nb6 9. Bb3 Qe7 10. dxe5 dxe5 11. Bxb6 axb6 12. Nd5 Qd6 13. Qe2 Nxd5 14. exd5 f6 15. Nd4 h5 16. O-O-O c6 17. dxc6 bxc6 18. Ne6 Qe7 19. Rd8+ Qxd8 20. Nxd8 Kxd8 21. Rd1+ Ke8 22. Qc4 1-0

[Event "2nd Bieszczady Chess-ch B 2022"]
[Site "Bystre"]
[Date "2022.07.19"]
[Round "3.9"]
[White "Gluch, Pawel"]
[Black "Michalski, Jacek"]
[Result "1-0"]
[ECO "C25"]
[WhiteElo "1663"]
[BlackElo "1320"]
[Annotator "NA RC COMBH"]
[PlyCount "35"]
[EventDate "2022.07.17"]
[EventCountry "POL"]
[SourceTitle "playchess.com"]
[Source "ChessBase"]
[SourceQuality "1"]
[TimeControl "5400+30"]

1. e4 e5 2. Nc3 Bc5 3. Bc4 Nc6 4. Qg4 Kf8 5. Qf3 Qf6 6. Nd5 Qxf3 7. Nxf3 Bb6 8. b4 d6 9. a4 a5 10. Nxb6 cxb6 11. b5 Nd8 12. Ba3 Ke7 13. Nxe5 Be6 14. Bxe6 Kxe6 15. Nc4 d5 16. Nxb6 Rb8 17. exd5+ Kf6 18. Nd7+ 1-0

[Event "2nd Bieszczady Chess-ch B 2022"]
[Site "Bystre"]
[Date "2022.07.19"]
[Round "3.10"]
[White "Dzierzgowska, Jagoda"]
[Black "Mikula, Maciej"]
[Result "0-1"]
[ECO "A56"]
[WhiteElo "1277"]
[BlackElo "1620"]
[Annotator "NA RC COMBH"]
[PlyCount "64"]
[EventDate "2022.07.17"]
[EventCountry "POL"]
[SourceTitle "playchess.com"]
[Source "ChessBase"]
[SourceQuality "1"]
[TimeControl "5400+30"]

1. d4 Nf6 2. c4 c5 3. e3 g6 4. Nc3 Bg7 5. Nf3 O-O 6. Bd3 cxd4 7. exd4 d5 8. h3 Nbd7 9. Bf4 dxc4 10. Bxc4 Nb6 11. Bb3 Bf5 12. O-O Rc8 13. Rc1 Ne4 14. Re1 Nxc3 15. bxc3 Nd5 16. Bxd5 Qxd5 17. Qb3 Be6 18. Nd2 Qf5 19. Rxe6 Qxe6 20. d5 Qf5 21. Be3 b6 22. c4 Rfd8 23. Nf3 e6 24. dxe6 Qxe6 25. Ng5 Qf5 26. g4 Qd3 27. Qa4 h6 28. Nf3 Qe4 29. Nd2 Qe7 30. Nf3 Rd3 31. Qa6 Rcd8 32. Qa4 Rxe3 0-1

[Event "2nd Bieszczady Chess-ch B 2022"]
[Site "Bystre"]
[Date "2022.07.19"]
[Round "3.11"]
[White "Zajac, Karol"]
[Black "Rzeszuto, Karol"]
[Result "1-0"]
[ECO "C78"]
[WhiteElo "1579"]
[BlackElo "1314"]
[Annotator "NA RC COMBH"]
[PlyCount "119"]
[EventDate "2022.07.17"]
[EventCountry "POL"]
[SourceTitle "playchess.com"]
[Source "ChessBase"]
[SourceQuality "1"]
[TimeControl "5400+30"]

1. e4 e5 2. Nf3 Nc6 3. Bb5 a6 4. Ba4 Nf6 5. O-O b5 6. Bb3 Bc5 7. c3 d6 8. d4 Bb6 9. h3 Bb7 10. Re1 Qd7 11. Bg5 O-O-O 12. Bc2 Rdg8 13. dxe5 Nxe5 14. Nxe5 dxe5 15. Qxd7+ Nxd7 16. Nd2 f6 17. Be3 g5 18. Nf1 h5 19. Ng3 h4 20. Nf5 Rh7 21. Bb3 Re8 22. f3 Kb8 23. Rad1 Bc8 24. Bxb6 Nxb6 25. Ne3 Be6 26. Bxe6 Rxe6 27. Rd8+ Kb7 28. Red1 Ree7 29. Ng4 Ref7 30. b3 Rhg7 31. Kf1 Kc6 32. Ke2 Kc5 33. Rh8 Nd7 34. Nh6 Rf8 35. Rxd7 Rxh8 36. Rxg7 Rxh6 37. Rxc7+ Kb6 38. Rc8 a5 39. Kd3 Rh7 40. Rb8+ Kc5 41. Rd8 Rf7 42. a4 bxa4 43. bxa4 Ra7 44. Rc8+ Kd6 45. Kc4 Rb7 46. Ra8 Rc7+ 47. Kd3 Rc5 48. Ra6+ Ke7 49. Rb6 Rc7 50. c4 Rc5 51. Kc3 Rc7 52. Rb5 Ra7 53. c5 Ra6 54. Rb7+ Ke6 55. Rb6+ Rxb6 56. cxb6 Kd6 57. Kc4 Kc6 58. b7 Kxb7 59. Kb5 Kc7 60. Kxa5 1-0